 Dungeon Sprint DCSS version 0.16.1-28-gcc2312f (webtiles) character file.

2016 Kidiri the Thaumaturge (level 9, -1/45 HPs)
             Began as a Deep Elf Fire Elementalist on May 28, 2015.
             Was the Champion of Sif Muna.
             Slain by a sixfirhy (9 damage)
             ... in the Dungeon (Sprint VII: "The Pits").
             The game lasted 00:15:23 (1829 turns).

Kidiri the Thaumaturge (Deep Elf Fire Elementalist) Turns: 1829, Time: 00:15:23

Health: -1/45      AC:  5    Str:  8      XL:     9   Next: 3%
Magic:  24/32      EV: 16    Int: 24 (27) God:    Sif Muna [******]
Gold:   0          SH:  0    Dex: 15      Spells: 9 memorised, 4 levels left

rFire  . . .     SeeInvis .     p - staff of energy
rCold  . . .     Clarity  .     s - +1 leather armour {rPois}
rNeg   . . .     SustAb   .     (no shield)
rPois  +         Gourm    .     (no helmet)
rElec  .         Spirit   .     (no cloak)
rCorr  .         Warding  .     y - +0 pair of gloves
rMut   .         NoTele   +     (no boots)
MR     .....                    (no amulet)
Stlth  ++++......               v - +3 ring of intelligence
                                u - +3 ring of strength

@: not resistant to hostile enchantments, stealthy
A: no striking features
a: Channel Energy, Forget Spell, Renounce Religion


You were in the Dungeon.
You worshipped Sif Muna.
Sif Muna was exalted by your worship.
You were not hungry.

You visited 1 branch

Inventory:

Hand weapons
 t - a +0 dagger
Missiles
 q - 11 stones (quivered)
Armour
 a - a +0 robe
 s - a +1 leather armour of poison resistance (worn)
 y - a +0 pair of gloves (worn)
Magical staves
 p - an uncursed staff of energy (weapon)
Jewellery
 u - a +3 ring of strength (left hand)
 v - a +3 ring of intelligence (right hand)
Scrolls
 m - 3 scrolls of remove curse
 n - 5 scrolls of amnesia
 r - 2 scrolls of vulnerability
Potions
 d - 7 potions of curing
 e - 6 potions of heal wounds
 f - 3 potions of haste
 g - 3 potions of magic
 h - 4 potions of berserk rage
 l - 2 potions of invisibility
 w - 2 potions of agility
 x - a potion of might
Books
 b - a book of Flames

   Spells                             Type                      Level
   a - Flame Tongue                   Conjuration/Fire             1
   b - Throw Flame                    Conjuration/Fire             2
   c - Conjure Flame                  Conjuration/Fire             3
   d - Inner Flame                    Hexes/Fire                   3
   e - Sticky Flame                   Conjuration/Fire             4
   f - Fireball                       Conjuration/Fire             5
 i - Sif Muna's Almanac of Excruciating Fire
   (Sif Muna gifted it to you in the Dungeon)

   Spells                             Type                      Level
   a - Flame Tongue                   Conjuration/Fire             1
   b - Inner Flame                    Hexes/Fire                   3
   c - Sticky Flame                   Conjuration/Fire             4
   d - Bolt of Magma                  Conjuration/Fire/Earth       5
   e - Delayed Fireball               Conjuration/Fire             7
 o - Izoig's Reference Book on Torrid Attacks
   (Sif Muna gifted it to you in the Dungeon)

   Spells                             Type                      Level
   a - Magic Dart                     Conjuration                  1
   b - Flame Tongue                   Conjuration/Fire             1
   c - Iskenderun's Mystic Blast      Conjuration                  4
   d - Bolt of Fire                   Conjuration/Fire             6
   e - Lehudib's Crystal Spear        Conjuration/Earth            8
Comestibles
 c - 8 bread rations
 j - 40 fruits
 k - 6 meat rations


   Skills:
 + Level 8.6 Dodging
 + Level 9.4 Stealth
 * Level 12.9 Spellcasting
 * Level 10.9 Conjurations
 + Level 4.6 Hexes
 * Level 11.1 Fire Magic
 + Level 3.5 Earth Magic


You had 4 spell levels left.
You knew the following spells:

 Your Spells              Type           Power        Failure   Level  Hunger
a - Flame Tongue          Conj/Fire      #####        1%          1    None
b - Throw Flame           Conj/Fire      ######       1%          2    None
c - Conjure Flame         Conj/Fire      ######..     1%          3    None
d - Inner Flame           Hex/Fire       ######..     1%          3    None
e - Sticky Flame          Conj/Fire      ######..     1%          4    None
f - Fireball              Conj/Fire      ######....   1%          5    None
g - Bolt of Magma         Conj/Fire/Erth ######....   6%          5    None
h - Delayed Fireball      Conj/Fire      N/A          61%         7    None
i - Iskenderun's Mystic   Conj           ######..     1%          4    None


Dungeon Overview and Level Annotations

Branches:
Dungeon (1/1)

Altars:
Ashenzari
Cheibriados
Dithmenos
Elyvilon
Fedhas
Kikubaaqudgha
Makhleb
Nemelex Xobeh
Okawaru
Ru
Sif Muna
Trog
Vehumet
Xom
Yredelemnul
Zin
The Shining One
Beogh
Jiyva
Lugonu


Message History

Aiming: Flame Tongue
Press: ? - help, Shift-Dir - straight line, f/p - orc priest
Aim: an orc priest, wielding a war axe The flame tongue hits the orc priest.
The orc priest is moderately wounded.
Casting: Flame Tongue
Confirm with . or Enter, or press ? or * to list all spells.
Aiming: Inner Flame
Press: ? - help, Shift-Dir - straight line, f/p - orc priest
Aim: an orc priest, wielding a war axe (moderately wounded, chance 94%)
The orc priest barely resists.
The sixfirhy is engulfed in roaring flames.
The sixfirhy hits you. The sixfirhy shocks you!
The sixfirhy is engulfed in roaring flames.
The sixfirhy hits you. The sixfirhy shocks you!
The sixfirhy is engulfed in roaring flames.
The sixfirhy hits you!
* * * LOW HITPOINT WARNING * * *
The sixfirhy shocks you!
You die...

)#####......#.(#......#
.#..##................#
.).÷#####'#####('######
##'###.......##''### #
....##.......##....# ..+
....##.......##†..##...#
'#####...<...##.†##...#
))[.##.......##..#...#
))[.##.......##.@4o.#
######.......##.##..#
.#..############# .+
.#÷########### #
.#.#....#...[#
.#'#....#..[[#
.#.)....'..))#
.#'#....#..))#
.'.#....#..))#


You could see a sixfirhy and an orc priest.

Vanquished Creatures
  A cyclops (D)
  A black mamba (D)
  A flying skull (D)
  Eustachio (D)
  A wolf (D)
  A water moccasin (D)
  Purgy (D)
  2 ice beasts (D)
  An ogre (D)
  A brain worm (D)
  A necrophage (D)
  3 killer bees (D)
  5 worker ants (D)
  A giant eyeball (D)
  A goblin (D)
  3 hobgoblins (D)
  A ball python (D)
  A giant gecko (D)
  A kobold (D)
  A rat (D)
29 creatures vanquished.

Vanquished Creatures (collateral kills)
  An iron imp (D)
1 creature vanquished.

Grand Total: 30 creatures vanquished

Notes
Turn   | Place    | Note
--------------------------------------------------------------
     0 | D        | Kidiri, the Deep Elf Fire Elementalist, began the quest for the Orb.
     0 | D        | Reached XP level 1. HP: 10/10 MP: 5/5
    23 | D        | Found a sacrificial altar of Ru.
    23 | D        | Found a basalt altar of Yredelemnul.
    23 | D        | Found a shadowy altar of Dithmenos.
    23 | D        | Found a deep blue altar of Sif Muna.
    23 | D        | Found a burning altar of Makhleb.
    23 | D        | Found a shimmering altar of Xom.
    23 | D        | Found an ancient bone altar of Kikubaaqudgha.
    23 | D        | Found a sparkling altar of Nemelex Xobeh.
    24 | D        | Found a glowing golden altar of the Shining One.
    24 | D        | Found a bloodstained altar of Trog.
    24 | D        | Found a shattered altar of Ashenzari.
    24 | D        | Found a white marble altar of Elyvilon.
    24 | D        | Found a snail-covered altar of Cheibriados.
    24 | D        | Found a blossoming altar of Fedhas.
    24 | D        | Found a radiant altar of Vehumet.
    24 | D        | Found a glowing silver altar of Zin.
    24 | D        | Found a corrupted altar of Lugonu.
    24 | D        | Found a viscous altar of Jiyva.
    24 | D        | Found a roughly hewn altar of Beogh.
    24 | D        | Found an iron altar of Okawaru.
    27 | D        | Became a worshipper of Sif Muna the Loreminder
    72 | D        | Noticed a worker ant
    72 | D        | Noticed a worker ant
    77 | D        | Killed a worker ant
    77 | D        | Acquired Sif Muna's first power
    77 | D        | Reached skill level 4 in Spellcasting
    77 | D        | Reached XP level 2. HP: 10/15 MP: 0/10
   421 | D        | Killed a worker ant
   421 | D        | Reached skill level 5 in Spellcasting
   421 | D        | Reached skill level 5 in Fire Magic
   421 | D        | Reached XP level 3. HP: 15/19 MP: 7/14
   607 | D        | Learned a level 2 spell: Throw Flame
   611 | D        | Learned a level 3 spell: Conjure Flame
   615 | D        | Learned a level 3 spell: Inner Flame
   626 | D        | Noticed a worker ant
   626 | D        | Acquired Sif Muna's second power
   627 | D        | Noticed a necrophage
   646 | D        | Killed a worker ant
   646 | D        | Reached skill level 6 in Spellcasting
   646 | D        | Reached XP level 4. HP: 24/24 MP: 0/18
   646 | D        | Killed a necrophage
   646 | D        | Reached skill level 5 in Stealth
   646 | D        | Reached skill level 7 in Spellcasting
   646 | D        | Reached skill level 5 in Conjurations
   646 | D        | Reached XP level 5. HP: 28/28 MP: 0/21
   652 | D        | Learned a level 4 spell: Sticky Flame
   658 | D        | Learned a level 5 spell: Fireball
   889 | D        | Noticed a worker ant
   893 | D        | Killed a worker ant
   893 | D        | Reached skill level 5 in Dodging
   897 | D        | Noticed a flying skull
   900 | D        | Noticed an ogre
  1056 | D        | Killed a flying skull
  1056 | D        | Acquired Sif Muna's third power
  1056 | D        | Reached skill level 9 in Spellcasting
  1056 | D        | Reached XP level 6. HP: 32/32 MP: 15/25
  1114 | D        | Killed an ogre
  1149 | D        | Noticed an ice beast
  1154 | D        | Killed an ice beast
  1154 | D        | Reached skill level 10 in Spellcasting
  1154 | D        | Reached XP level 7. HP: 36/36 MP: 18/28
  1201 | D        | Noticed an ice beast
  1204 | D        | Killed an ice beast
  1227 | D        | Noticed an iron imp
  1274 | D        | Killed an iron imp
  1341 | D        | Noticed a worker ant
  1341 | D        | Noticed Purgy
  1341 | D        | Noticed a water moccasin
  1344 | D        | Killed a water moccasin
  1344 | D        | Received a gift from Sif Muna
  1344 | D        | Reached skill level 11 in Spellcasting
  1347 | D        | Killed Purgy
  1350 | D        | Killed a worker ant
  1351 | D        | Identified Sif Muna's Almanac of Excruciating Fire (Sif Muna gifted it to you in the Dungeon)
  1358 | D        | Learned a level 5 spell: Bolt of Magma
  1366 | D        | Learned a level 7 spell: Delayed Fireball
  1440 | D        | Noticed a wolf
  1440 | D        | Noticed a black mamba
  1440 | D        | Noticed Eustachio
  1444 | D        | Killed Eustachio
  1444 | D        | Reached skill level 1 in Hexes
  1444 | D        | Reached skill level 10 in Fire Magic
  1444 | D        | Reached skill level 1 in Earth Magic
  1449 | D        | Killed a wolf
  1449 | D        | Killed a black mamba
  1449 | D        | Reached skill level 12 in Spellcasting
  1449 | D        | Reached skill level 10 in Conjurations
  1449 | D        | Reached XP level 8. HP: 41/41 MP: 13/30
  1449 | D        | Received a gift from Sif Muna
  1450 | D        | Identified Izoig's Reference Book on Torrid Attacks (Sif Muna gifted it to you in the Dungeon)
  1456 | D        | Learned a level 4 spell: Iskenderun's Mystic Blast
  1657 | D        | Noticed a killer bee
  1657 | D        | Noticed a killer bee
  1657 | D        | Noticed a brain worm
  1657 | D        | Noticed a cyclops
  1658 | D        | Killed a killer bee
  1659 | D        | Noticed a killer bee
  1659 | D        | Killed a killer bee
  1663 | D        | Killed a killer bee
  1666 | D        | Killed a brain worm
  1669 | D        | HP: 2/41 [cyclops/large rock (15)]
  1675 | D        | Killed a cyclops
  1675 | D        | Reached XP level 9. HP: 25/45 MP: 12/32
  1825 | D        | Noticed a sixfirhy
  1826 | D        | Noticed an orc priest
  1829 | D        | Slain by a sixfirhy

Action                   |  1- 3 |  4- 6 |  7- 9 || total
-------------------------+-------+-------+-------++-------
Melee: Staff             |       |       |     3 ||     3
Throw: Stone             |    10 |       |       ||    10
 Cast: Flame Tongue      |    22 |    26 |    23 ||    71
       Conjure Flame     |     1 |     6 |     9 ||    16
       Inner Flame       |     1 |       |     3 ||     4
       Throw Flame       |       |     7 |       ||     7
       Fireball          |       |     3 |     1 ||     4
       Sticky Flame      |       |       |     4 ||     4
       Bolt of Magma     |       |       |     1 ||     1
  Use: Potion            |       |     2 |     1 ||     3
       Scroll            |       |     1 |     1 ||     2
  Eat: Meat ration       |       |       |     1 ||     1
